 Dungeon Crawl Stone Soup version 0.32-a0-909-gc671339 (webtiles) character file.

Game seed: 15422547403249218460

115 Shrooty the Chopper (level 4, -3/40 HPs)
             Began as a Mountain Dwarf Fighter on Apr 6, 2024.
             Was a Follower of Elyvilon.
             Slain by a +1 mace of electrocution (6 damage)
             ... created by the wrath of Beogh
             ... on level 4 of the Dungeon.
             The game lasted 00:09:45 (2803 turns).

Shrooty the Chopper (Mountain Dwarf Fighter)        Turns: 2803, Time: 00:09:46

Health: -3/40      AC:  7    Str: 20    XL:     4   Next: 68%
Magic:  4/4        EV:  8    Int:  9    God:    Elyvilon [*.....]
Gold:   144        SH:  4    Dex:  9    Spells: 3/3 levels left

rFire   . . .        p - +2 falchion (freeze)
rCold   . . .        c - +0 buckler
rNeg    + . .        b - +0 scale mail
rPois   .            (no helmet)
rElec   .            (no cloak)
rCorr   +            (no gloves)
SInv    .            (no boots)
Will    .....        (no amulet) Stlth
                     h - ring of resist corrosion
HPRegen 0.26/turn    i - ring of positive energy
MPRegen 0.09/turn

%: no passive effects
@: no status effects
A: runic magic, artefact enchanting
a: Renounce Religion, Purification


You were on level 4 of the Dungeon.
You worshipped Elyvilon.
Elyvilon was aware of your devotion.
You visited 1 branch of the dungeon, and saw 4 of its levels.

You collected 144 gold pieces.

Inventory:

Hand Weapons
 a - a +0 war axe
 o - the +6 short sword of Fedhas, Shimmering {antimagic, rC++ rN+ Int-2}
   (You took it off an orc on level 3 of the Dungeon)

   Int-2:     It affects your intelligence (-2).
   rC++:      It greatly protects you from cold.
   rN+:       It protects you from negative energy.
 p - a +2 falchion of freezing (weapon)
Armour
 b - a +0 scale mail (worn)
 c - a +0 buckler (worn)
Jewellery
 h - a ring of resist corrosion (left hand)
 i - a ring of positive energy (right hand)
Talismans
 e - a blade talisman
Wands
 n - a wand of iceblast (7)
Scrolls
 f - 4 scrolls of teleportation {unknown}
 j - a scroll of immolation {unknown}
 l - a scroll of butterflies {unknown}
 m - 4 scrolls of blinking {unknown}
Potions
 d - 4 potions of might
 g - 2 potions of curing {unknown}
 k - 2 potions of haste {unknown}


   Skills:
 + Level 4.0 Fighting
 + Level 4.2 Axes
 + Level 4.0 Armour
 + Level 0.3 Dodging
 + Level 0.1 Stealth
 + Level 3.7 Shields


You had 3 spell levels left.
You didn't know any spells.
Your spell library contained the following spells:

 Spells                   Type           Power      Damage    Failure   Level
 Apportation              Tloc           0%         N/A       54%         1
 Necrotise                Necr           0%         1d4       54%         1
 Sting                    Conj/Alch      0%         1d3       54%         1
 Summon Small Mammal      Summ           0%         N/A       54%         1
 Jinxbite                 Hex            0%         N/A       67%         2
 Inner Flame              Hex/Fire       0%         N/A       88%         3
 Brom's Barrelling Bould  Conj/Erth      0%         2d3       99%         4
 Fireball                 Conj/Fire      0%         3d3       100%        5
 Irradiate                Conj/Alch      0%         3d11      100%        5
 Iskenderun's Battlesphe  Conj           0%         2d6       100%        5
 Yara's Violent Unravell  Hex/Alch       0%         3d3       100%        5
 Conjure Ball Lightning   Conj/Air       0%         3x3d6     100%        6
 Enfeeble                 Hex            0%         N/A       100%        7
 Orb of Destruction       Conj           0%         9d5       100%        7
 Ignition                 Fire           0%         3d3       100%        8


Dungeon Overview and Level Annotations

Branches:
Dungeon (4/15)
 Temple: D:4-7

Altars:
Elyvilon

Shops:
D:3 !!*   D:4 =[[

Annotations:
D:4 Edmund


Innate Abilities, Weirdness & Mutations

Your spellcasting is much less encumbered by armour.
You can use scrolls of enchantment on lesser artefacts.


Message History

You open the door.
There is an open door here.
There is a stone staircase leading down here.
There is an open door here.
Found a club.
g - 2 smoky blue potions (gained 1) As you open the door, it creaks loudly!
You can now purify yourself.
Found Panuz's Jewellery Shoppe.
Found a stone staircase leading down.
Found Meacec's Antique Armour Shoppe.
Found 6 stones.
Found Razeleso's Armour Shoppe.
Edmund the Younger comes into view.
He is wielding a +3 flail of protection.
Edmund shouts!
Edmund says, "People will remember me!
They'll remember me and die!"
Beogh throws implements of electrocution at you.
A +1 mace of electrocution and a +0 battleaxe of electrocution come into view.
The +1 mace of electrocution moves out of view.
The +0 battleaxe of electrocution attacks as it pursues you!
The +0 battleaxe of electrocution hits you.
The +0 battleaxe of electrocution attacks as it pursues you!
You block the +0 battleaxe of electrocution's attack.
The +0 battleaxe of electrocution hits you!
The +0 battleaxe of electrocution attacks as it pursues you!
The +0 battleaxe of electrocution hits you!
The +0 battleaxe of electrocution hits you!
* * * LOW HITPOINT WARNING * * *
You hit the +0 battleaxe of electrocution.
The +0 battleaxe of electrocution is heavily damaged.
The +0 battleaxe of electrocution hits you!
* * * LOW HITPOINT WARNING * * *
You hit the +0 battleaxe of electrocution.
You destroy the +0 battleaxe of electrocution!
That felt strangely unrewarding.
The +1 mace of electrocution hits you. Elyvilon protects you from harm!
You hit the +1 mace of electrocution.
The +1 mace of electrocution is heavily damaged.
The +1 mace of electrocution hits you.
You die...
Beogh appreciates the +1 mace of electrocution's killing of an apostate.

###.# #.# #.# #.#
#.# #@# ###.######
#.# ###........#
#.# ...........#
#.# ###........#
#.# #.#.#+######
#(# ...........
#@# #.##...####
#.# .......# #.#
##.....#########.#
.................#
##.###############
##........#
..........#
####......#


You could see Edmund and a +1 mace of electrocution.

Vanquished Creatures
  A dancing weapon (D:4)
  A gnoll (D:3)
  5 adders
  A ribbon worm (D:4)
  A dart slug (D:1)
  5 orcs
  6 bats
  3 endoplasms
  2 giant cockroaches (D:1)
  2 goblins
  4 hobgoblins
  4 jackals (D:2)
  A quokka (D:3)
  2 ball pythons
  5 frilled lizards
  4 kobolds
  5 rats
52 creatures vanquished.

Vanquished Creatures (others)
  A kobold (D:3)
1 creature vanquished.

Grand Total: 53 creatures vanquished

Notes
Turn   | Place    | Note
-------+----------+-------------------------------------------
     0 | D:1      | Shrooty the Mountain Dwarf Fighter began the quest for the
                  | Orb.
     0 | D:1      | Reached XP level 1. HP: 19/19 MP: 1/1
   202 | D:1      | Reached XP level 2. HP: 26/26 MP: 2/2
  1037 | D:2      | Reached XP level 3. HP: 20/33 MP: 3/3
  1168 | D:3      | Reached XP level 4. HP: 28/40 MP: 4/4
  1170 | D:3      | Found Buolas's Distillery.
  1217 | D:3      | Found Ysoelaon's Distillery.
  1648 | D:3      | Identified the +6 short sword of Fedhas, Shimmering
                  | {antimagic, rC++ rN+ Int-2}
  1714 | D:3      | Became a worshipper of Beogh the Shepherd
  1734 | D:3      | Found Koullym's General Store.
  2037 | D:3      | Found a white marble altar of Elyvilon.
  2150 | D:3      | Fell from the grace of Beogh
  2388 | D:3      | Became a worshipper of Elyvilon the Healer
  2760 | D:4      | Reached * piety under Elyvilon
  2777 | D:4      | Found Panuz's Jewellery Shoppe.
  2780 | D:4      | Found Meacec's Antique Armour Shoppe.
  2782 | D:4      | Found Razeleso's Armour Shoppe.
  2782 | D:4      | Noticed Edmund
  2788 | D:4      | Noticed a +1 mace of electrocution
  2788 | D:4      | Noticed a +0 battleaxe of electrocution
  2801 | D:4      | HP: 2/40 [+0 battleaxe of electrocution[the wrath of Beogh]
                  | (8)]
  2802 | D:4      | Killed a +0 battleaxe of electrocution
  2802 | D:4      | Elyvilon protects you from harm!
  2803 | D:4      | Slain by a +1 mace of electrocution

Illustrated notes

Levels and vault maps discovered:
D:1:      minmay_arrival_four_circles, layout_basic, nrook_mini_backslash,
          grunt_decor_arrowhead, serial_bayou_pond_b
D:2:      layout_rooms, hellmonk_ecumenical_altar_zigzags, feat_on_display
D:3:      layout_basic, nicolae_elyvilon_temple_path, serial_shops,
          shop_fountains, nicolae_shop_tiny_waterfront,
          nicolae_shop_rolling_square, kennysheep_generic_room_5
D:4:      layout_basic, moated_statue, kennysheep_diamond,
          nicolae_shop_distant_corner_stores, uniq_edmund

Skill      XL: |  1  2  3  4 |
---------------+-------------+-----
Axes           | 3 4 |  4.2
Fighting       | 4 |  4.0
Armour         | 4 |  4.0
Dodging        | |  0.3
Stealth        | |  0.1
Shields        | |  3.7

Action                     |  1- 3 |  4- 6 || total
---------------------------+-------+-------++-------
  Melee: War axe           |    89 |    55 ||   144
         Falchion          |       |    22 ||    22
 Invoke: Renounce Religion |       |     1 ||     1
         Convert to Beogh  |       |     1 ||     1
 Armour: Scale mail        |    93 |    67 ||   160
  Dodge: Dodged            |    43 |    32 ||    75
  Block: Buckler           |    29 |    22 ||    51

Table legend: (Time is in decaauts)
 A = Elapsed time spent in this place.
 B = Non-inter-level travel time spent in this place.
 C = Inter-level travel time spent in this place.
 D = Time resting spent in this place.
 E = Time spent auto-exploring this place.
 F = Levels seen in this place.
 G = Mean time per level.
                   A        B        C        D        E       F      G
               +--------+--------+--------+--------+--------+-----+--------+
         Total |   2863 |   2633 |    230 |     89 |   1863 |   4 |  715.8 |
       Dungeon |   2863 |   2633 |    230 |     89 |   1863 |   4 |  715.8 |
               +--------+--------+--------+--------+--------+-----+--------+

Top non-repeatable levels by time:
     D:3: 1286 daAuts
     D:1: 1027 daAuts
     D:4: 384 daAuts
     D:2: 164 daAuts
